 Dungeon Crawl Stone Soup version 0.29.1-15-g9cfb28693d (webtiles) character file.

Game seed: 5387638496368368053

932 Descartes the Shield-Bearer (level 8, -4/93 HPs)
             Began as a Formicid Fighter on Apr 1, 2023.
             Was an Initiate of Gozag.
             Succumbed to Duvessa's poison
             ... on level 5 of the Dungeon.
             The game lasted 00:06:39 (4657 turns).

Descartes the Shield-Bearer (Formicid Fighter)      Turns: 4657, Time: 00:06:39

Health: -4/93      AC: 24    Str: 24    XL:     8   Next: 33%
Magic:  8/8        EV:  2    Int:  7    God:    Gozag
Gold:   232        SH: 10    Dex: 13    Spells: 7/7 levels left

rFire   . . .      SeeInvis .   u - +2 hand axe (vamp)
rCold   . . .      Faith    .   x - +0 kite shield
rNeg    . . .      Spirit   .   (body armour currently unavailable)
rPois   +          Reflect  .   (helmet unavailable)
rElec   .          Harm     .   (cloak currently unavailable)
rCorr   .          Rampage  .   (gloves currently unavailable)
Will    .....                   (boots currently unavailable)
Stlth   +.........              (no amulet)
HPRegen 0.25/turn               (no ring)
MPRegen 0.11/turn               (no ring)

@: mighty, lethally poisoned (-4 -> -41), tree-form
A: stationary, stasis, torment immunity, boosted hp, permanent stasis, dig
shafts and tunnels, (antennae 3), four strong arms
a: Renounce Religion, Potion Petition, Call Merchant, Bribe Branch


You were on level 5 of the Dungeon.
You worshipped Gozag.
Gozag was aware of your devotion.
You were a tree.
You visited 2 branches of the dungeon, and saw 6 of its levels.

You collected 299 gold pieces.
You paid 67 gold pieces to Gozag.

Inventory:

Hand Weapons
 a - a +0 war axe
 u - a +2 vampiric hand axe (weapon)
Missiles
 m - 5 curare-tipped darts
 n - 2 boomerangs
 s - 3 javelins
 v - 6 poisoned darts
Armour
 c - a +0 buckler
 r - a +0 chain mail (melded)
 x - a +0 kite shield (worn)
Wands
 o - a wand of charming (4)
Scrolls
 b - 4 scrolls of noise {unknown}
 e - a scroll of summoning {unknown}
 g - 4 scrolls of identify {unknown}
 h - 2 scrolls of vulnerability {unknown}
 i - 2 scrolls of blinking {unknown}
 j - 2 scrolls of torment {unknown}
 l - a scroll of brand weapon {unknown}
 q - a scroll of enchant armour {unknown}
 y - a scroll of magic mapping {unknown}
Potions
 d - a potion of might
 f - a potion of curing {unknown}
 k - 2 potions of heal wounds {unknown}
 p - a potion of lignification
 t - 2 potions of flight
 w - 2 potions of degeneration {unknown}
 z - a potion of attraction {unknown}
 A - a potion of invisibility {unknown}
 B - a potion of experience {unknown}
 C - 2 potions of brilliance {unknown}


   Skills:
 - Level 5.0 Fighting
 + Level 4.5 Axes
 + Level 5.6 Armour
 + Level 6.7 Shields
 + Level 4.8 Earth Magic


You had 7 spell levels left.
You didn't know any spells.
Your spell library was empty.

Dungeon Overview and Level Annotations

Branches:
Dungeon (5/15)             Temple (1/1) D:4

Altars:
Ashenzari
Cheibriados
Dithmenos
Fedhas
Gozag
Kikubaaqudgha
Makhleb
Nemelex Xobeh
Okawaru
Qazlal
Ru
Sif Muna
Trog
Vehumet
Wu Jian
Xom
Zin
The Shining One

Annotations:
D:5 Dowan, Duvessa


Innate Abilities, Weirdness & Mutations

You are a tree.
Your roots penetrate the ground, keeping you stationary.
You cannot be teleported.
You are immune to unholy pain and torment.
Your maximum health is greatly increased.
Your equipment is partially melded.
You cannot be hasted, slowed, berserked, paralysed or teleported.
You can dig through walls and to a lower floor.
((You have a pair of large antennae on your head. (SInv)))
Your four strong arms can wield two-handed weapons with a shield.


Message History

Duvessa hits you with a +4 short sword of venom.
You are more poisoned.
Dowan barely misses you.
You hit Duvessa.
You feel better.
Duvessa is almost dead.
You barely miss Dowan.
You feel very sick.
Duvessa hits you with a +4 short sword of venom.
You are more poisoned.
Dowan hits you but does no damage.
You closely miss Duvessa.
Duvessa is almost dead.
You barely miss Dowan.
You feel extremely sick.
Duvessa hits you with a +4 short sword of venom!
You are more poisoned.
Dowan hits you but does no damage.
You barely miss Duvessa.
Duvessa is almost dead.
You hit Dowan.
* * * LOW HITPOINT WARNING * * *
You feel extremely sick. You block Dowan's attack.
Duvessa hits you but does no damage.
You are more poisoned.
You feel very mighty all of a sudden.
* * * LOW HITPOINT WARNING * * *
You feel very sick.
Dowan zaps a wand.
You turn into a tree.
Your +0 chain mail melds into your body.
Your roots penetrate the ground.
Duvessa hits you but does no damage.
You are more poisoned.
Okay, then.
It was a potion of flight.
Your roots keep you in place.
* * * LOW HITPOINT WARNING * * *
You feel extremely sick. Dowan hits you but does no damage.
Duvessa hits you but does no damage.
You are more poisoned.
It was a potion of lignification.
You feel woody for a moment.
You die...
Your body crumbles into a pile of gold.

#.......# ##...##
#.##.##.#
##......# # #
#.##.###........ .
#.............##.#
####.#........?#.#
#.#...........#
#.#.........#
..##).....e#####.#
#####.....♣e.....#
##....########
####.# #.# $ ..#
..# .... .#..


You could see Duvessa and Dowan.

Vanquished Creatures
  Sigmund (D:3)
  Eustachio (D:4)
  Edmund (D:4)
  A scorpion (D:4)
  A howler monkey (D:4)
  A hound (D:4)
  An orc priest (D:3)
  3 orc wizards
  An iguana (D:4)
  5 gnolls
  12 adders
  An ufetubus (D:5)
  2 worms (D:2)
  2 dart slugs
  9 orcs
  6 bats
  4 endoplasms
  4 giant cockroaches
  10 goblins
  5 hobgoblins
  7 jackals
  5 quokkas
  11 ball pythons
  A frilled lizard (D:3)
  8 kobolds
  6 rats
109 creatures vanquished.

Vanquished Creatures (others)
  2 withered plants (D:4)
2 creatures vanquished.

Grand Total: 111 creatures vanquished

Notes
Turn   | Place    | Note
-------+----------+-------------------------------------------
     0 | D:1      | Descartes the Formicid Fighter began the quest for the Orb.
     0 | D:1      | Reached XP level 1. HP: 18/18 MP: 1/1
   234 | D:1      | Reached XP level 2. HP: 24/24 MP: 2/2
   340 | D:1      | Found a faded altar of an unknown god.
   758 | D:2      | Reached XP level 3. HP: 15/29 MP: 3/3
  1027 | D:2      | Reached skill level 1 in Earth Magic
  1371 | D:2      | Reached XP level 4. HP: 37/37 MP: 4/4
  2193 | D:3      | Reached XP level 5. HP: 10/42 MP: 5/5
  2513 | D:3      | Noticed Sigmund
  2528 | D:3      | Killed Sigmund
  2529 | D:3      | Reached skill level 5 in Shields
  2529 | D:3      | Reached XP level 6. HP: 49/49 MP: 6/6
  3138 | D:3      | Reached XP level 7. HP: 55/55 MP: 7/7
  3358 | D:4      | Noticed Edmund
  3385 | D:4      | Killed Edmund
  3561 | D:4      | Noticed Eustachio
  3580 | D:4      | Killed Eustachio
  3581 | D:4      | Reached skill level 5 in Fighting
  3581 | D:4      | Reached skill level 5 in Armour
  3581 | D:4      | Reached skill level 6 in Shields
  3619 | D:4      | Found an ancient bone altar of Kikubaaqudgha.
  3645 | D:4      | Reached XP level 8. HP: 60/62 MP: 8/8
  4188 | D:4      | Found a staircase to the Ecumenical Temple.
  4265 | Temple   | Entered the Ecumenical Temple
  4271 | Temple   | Became a worshipper of Gozag Ym Sagoz the Greedy
  4441 | D:5      | Entered Level 5 of the Dungeon
  4638 | D:5      | Noticed Dowan
  4639 | D:5      | Noticed Duvessa
  4656 | D:5      | HP: 3/93 [poisoned by Duvessa]
  4657 | D:5      | Succumbed to Duvessa's poison

Illustrated notes

Levels and vault maps discovered:
D:1:      lightli_arrival_statue_moat, layout_rooms,
          ebering_ecumenical_altar_box, roderic_serpentine_path,
          reono_crystal_passage
D:2:      minmay_recursive_quarters, layout_rooms, minmay_unequal
D:3:      minmay_razor_zed, layout_basic, minmay_fractal_squares_gapless_5,
          uniq_sigmund
D:4:      layout_cave_pools, kiku_gazebo_garden_becter,
          minmay_temple_entry_glassed_door, minivault_23, uniq_eustachio,
          uniq_edmund
D:5:      layout_loops_corners, elyvilon_altar_5, chequers_ossuary_entry_cave,
          chequers_serial_rivers_small_3, hangedman_decor_growths,
          pf_guarded_unrand_meek, uniq_duvessa, uniq_ijyb, uniq_menkaure
Temple:   sentei_temple_godly_chess

Skill      XL: |  1  2  3  4  5  6  7 |
---------------+----------------------+-----
Earth Magic    | 1 2 3 4 |  4.8
Armour         | 4 5 |  5.6
Fighting       | 4 5 |  5.0
Axes           | 3 4 |  4.5
Shields        | 5 6 |  6.7

Action                   |  1- 3 |  4- 6 |  7- 9 || total
-------------------------+-------+-------+-------++-------
Melee: War axe           |    72 |   127 |       ||   199
       Hand axe          |       |     9 |   172 ||   181
 Abil: Dig               |       |       |     1 ||     1
  Use: Potion            |       |       |     3 ||     3
Armor: Scale mail        |    38 |    19 |       ||    57
       Chain mail        |       |    51 |    77 ||   128
       Skin              |       |       |     3 ||     3
Dodge: Dodged            |    50 |    62 |    54 ||   166
Block: Buckler           |    30 |    34 |       ||    64
       Kite shield       |       |       |   109 ||   109
